 Dungeon Sprint DCSS version 0.20-a0-1018-ge435b50 (webtiles) character file.

34748 Krakonus1 the Black Belt (level 13, -6/105 HPs)
             Began as an Octopode Monk on Apr 16, 2017.
             Was the Champion of Wu Jian.
             Killed from afar by a white draconian (33 damage)
             ... with a chilling blast
             ... in the Dungeon (Sprint V: "Ziggurat Sprint") on Apr 17, 2017.
             The game lasted 00:42:08 (1713 turns).

Krakonus1 the Black Belt (Octopode Monk)            Turns: 1713, Time: 00:42:08

Health: -6/105     AC:  3    Str: 27    XL:     13   Next: 79%
Magic:  13/13      EV: 36    Int: 16    God:    Wu Jian [******]
Gold:   0          SH: 35    Dex: 34    Spells: 0/12 levels left

rFire    . . .     SeeInvis +     - Unarmed
rCold    . . .     Gourm    .   J - +18 shield of the Gong {rElec rN+ MR+ EV-5}
rNeg     + . .     Faith    .   (helmet restricted)
rPois    +         Spirit   .   k - amulet "Toecs" {+Rage rPois Int+3 SInv}
rElec    +         Reflect  .   w - +6 ring of dexterity
rCorr    .         Harm     .   x - +6 ring of dexterity
MR       ++...     NoTele   +   z - ring of stealth
Stlth    +++.......             q - +2 ring of protection
Regen    0.3/turn               A - +6 ring of strength
MPRegen  0.2/turn               B - +6 ring of strength
                                H - ring of flight
                                N - ring of protection from magic

@: mighty, agile, exhausted, glowing, heavenly storm
A: almost no armour, stealthy swim, amphibious, 8 rings, constrict 8, camouflage
1, clumsy 1, gelatinous body 1
a: Serpent's Lash, Heavenly Storm, Renounce Religion, Evoke Berserk Rage, Evoke
Flight


You were in the Dungeon.
You worshipped Wu Jian.
Wu Jian was exalted by your worship.
You were not hungry.

You visited 1 branch

Inventory:

Armour
 J - the +18 shield of the Gong (worn) {rElec rN+ MR+ EV-5}
   (You found it in the Dungeon)

   It affects your evasion (-5).
   It insulates you from electricity.
   It protects you from negative energy.
   It affects your resistance to hostile enchantments.
Jewellery
 k - the amulet "Toecs" (around mantle) {+Rage rPois Int+3 SInv}
   (You found it in the Dungeon)

   [amulet of rage]

   It affects your intelligence (+3).
   It protects you from poison.
   It lets you see invisible.
   It lets you go berserk.
 q - a +2 ring of protection (on tentacle)
 w - a +6 ring of dexterity (left tentacle)
 x - a +6 ring of dexterity (right tentacle)
 y - the ring "Hatobb" {rPois rF+ Dex-4 Stlth+}
   (You found it in the Dungeon)

   [ring of poison resistance]

   It affects your dexterity (-4).
   It protects you from fire.
   It protects you from poison.
   It makes you more stealthy.
 z - a ring of stealth (on tentacle)
 A - a +6 ring of strength (on tentacle)
 B - a +6 ring of strength (on tentacle)
 H - a ring of flight (on tentacle)
 N - a ring of protection from magic (on tentacle)
 U - a +6 amulet of reflection
 X - the ring of the Original Sin {rF+ MP+9}
   (You found it in the Dungeon)

   [ring of magical power]

   It protects you from fire.
   It affects your magic capacity (+9).
Wands
 C - a wand of disintegration (7/24)
 D - a wand of iceblast (3/15)
 E - a wand of lightning (5/15)
 F - a wand of acid (5/15)
Scrolls
 g - 2 scrolls of blinking
 n - 4 scrolls of amnesia
 o - 4 scrolls of recharging
 p - 8 scrolls of fog
 r - 5 scrolls of identify
 s - 4 scrolls of remove curse
 t - 2 scrolls of fear
 S - 4 scrolls of brand weapon
Potions
 b - 10 potions of curing
 c - a potion of heal wounds
 d - 3 potions of haste
 e - 7 potions of magic
 f - 2 potions of berserk rage
 h - 2 potions of brilliance
 i - a potion of invisibility
 j - 4 potions of resistance
 l - a potion of agility
 m - a potion of might
Books
 T - the Guide on Companions and Curses
   (You found it in the Dungeon)

   Spells                             Type                      Level
   a - Summon Butterflies             Summoning                    1
   b - Slow                           Hexes                        2
   c - Aura of Abjuration             Summoning                    5
   d - Darkness                       Hexes                        6
   e - Invisibility                   Hexes                        6
Miscellaneous
 G - a crystal ball of energy
 I - a lightning rod (4/4)
 K - 4 phantom mirrors
 L - a phial of floods
 M - 3 sacks of spiders
 O - a lamp of fire
 Q - a phial of floods
 R - a lamp of fire
 V - 6 boxes of beasts
 W - a phial of floods
 Y - a crystal ball of energy
 Z - a fan of gales
Comestibles
 a - 5 bread rations
 u - 42 fruits
 v - 4 meat rations
 P - 34 chunks of flesh


   Skills:
 * Level 16.1 Fighting
 * Level 18.3 Dodging
 - Level 5.3 Stealth
 - Level 15.5 Shields
 + Level 20.4 Unarmed Combat


You couldn't memorise any spells.
You knew the following spells:

 Your Spells              Type           Power        Failure   Level  Hunger
a - Blink                 Tloc           N/A          38%         2    ###....
b - Passwall              Tmut/Erth      #.........   38%         2    ###....
c - Apportation           Tloc           #.....       24%         1    ##.....
d - Swiftness             Chrm/Air       #.......     38%         2    ###....
e - Freeze                Ice            #...         24%         1    ##.....
f - Animate Skeleton      Necr           N/A          24%         1    ##.....
g - Beastly Appendage     Tmut           #.....       24%         1    ##.....
h - Slow                  Hex            #.......     38%         2    ###....


Dungeon Overview and Level Annotations

Branches:
Dungeon (1/1)

Altars:
Ashenzari
Cheibriados
Dithmenos
Elyvilon
Fedhas
Gozag
Hepliaklqana
Kikubaaqudgha
Makhleb
Nemelex Xobeh
Okawaru
Qazlal
Ru
Sif Muna
Trog
Uskayaw
Vehumet
Wu Jian
Xom
Yredelemnul
Zin
The Shining One
Beogh
Jiyva
Lugonu


Innate Abilities, Weirdness & Mutations

You cannot wear most types of armour.
You are very stealthy in the water. (Stealth+)
You are amphibious.
You can wear up to eight rings at the same time.
You can use your tentacles to constrict eight enemies at once.
Your skin changes colour to match your surroundings (Stealth+).
Your rubbery body absorbs attacks. (AC +1, EV +1)
You are clumsy. (Dex -2)


Message History

Unknown command.
You spin and attack the red draconian repeatedly with incredible momentum.
You thrash the red draconian!!!! You grab the red draconian.
You tentacle-slap the red draconian!
You kill the red draconian!
The Council accepts your kill.
You spin and attack the white draconian with incredible momentum.
You thrash the white draconian!!!
The white draconian is heavily wounded.
ZOOOM!
You see here a flail.
You feel much better.
The white draconian breathes frost at you.
The chilling blast hits you!
* * * LOW HITPOINT WARNING * * *
The moth of wrath goads the white draconian on!
The white draconian goes berserk!
The white draconian breathes frost at you.
The chilling blast hits you!
You die...

▓▓▓▓▓▓▓▓▓▓
▓.....8©8.....▓....8©8..
▓..:|:.[).[...▓..:)=.|)[
▓...|.)})})...▓..)..)(([
▓...qdd.d.....▓......)(.
▓......d......▓.....=)()
▓...dddydd....▓.....=)).
▓....d§§d§....▓.........
▓....§§@§§....▓.........
▓.§§§§§.▓..▓..▓.....▓ ▓
▓▓§§§§§▓▓ ▓.........
▓..▓.§§§§§.▓..▓.........
▓.............▓▓▓▓▓▓▓▓▓▓
▓.............▓....8©8.(
▓▓▓▓▓▓▓▓▓▓▓▓▓▓▓...|...::
▓...::)(.[ ▓.....(((.


You could see a red draconian, 5 draconians and a moth of wrath.

Vanquished Creatures
  2 shadow dragons (D)
  A tentacled starspawn (D)
  3 fire giants (D)
  A ghoul (D)
  3 stone giants (D)
  A vampire knight (D)
  2 red draconians (D)
  A merfolk impaler (D)
  A merfolk javelineer (D)
  A yaktaur captain (D)
  2 centaur warriors (D)
  A merfolk aquamancer (D)
  2 two-headed ogres (D)
  A vampire mage (D)
  3 soul eaters (D)
  A sea snake (D)
  A spriggan druid (D)
  2 necromancers (D)
  A shining eye (D)
  5 cyclopes (D)
  A naga mage (D)
  A smoke demon (D)
  A yaktaur (D)
  5 merfolk (D)
  A troll (D)
  A hornet (shapeshifter) (D)
  2 hornets (D)
  3 hippogriffs (D)
  A flying skull (D)
  7 spriggans (D)
  A water elemental (D)
  7 neqoxecs (D)
  4 water moccasins (D)
  2 necrophages (D)
  3 black bears (D)
  An eye of draining (shapeshifter) (D)
  3 ogres (D)
  3 wolves (D)
  6 centaurs (D)
  A small abomination (D)
  4 wights (D)
  A crimson imp (D)
  An iron imp (D)
  4 mummies (D)
  A shadow imp (D)
  2 adder skeletons (D)
  A ball python (D)
  3 bat skeletons (D)
  2 bat zombies (D)
  A giant cockroach zombie (D)
  A jackal zombie (D)
  A leopard gecko skeleton (D)
  A leopard gecko zombie (D)
  A quokka skeleton (D)
  2 spectral giant cockroaches (D)
  A starspawn tentacle (D)
116 creatures vanquished.

Vanquished Creatures (others)
  A merfolk aquamancer (D)
  A cyclops (D)
  A yaktaur (D)
  A starspawn tentacle (D)
4 creatures vanquished.

Grand Total: 120 creatures vanquished

Notes
Turn   | Place    | Note
-------+----------+-------------------------------------------
     0 | D        | Krakonus1 the Octopode Monk began the quest for the Orb.
     0 | D        | Reached XP level 1. HP: 17/17 MP: 1/1
     0 | D        | Found a deep blue altar of Sif Muna.
     0 | D        | Found a sacrificial altar of Ru.
     0 | D        | Found a bloodstained altar of Trog.
     0 | D        | Found a stormy altar of Qazlal.
     0 | D        | Found an iron altar of Okawaru.
     0 | D        | Found a sparkling altar of Nemelex Xobeh.
     0 | D        | Found a blossoming altar of Fedhas.
     2 | D        | Found an ancient bone altar of Kikubaaqudgha.
     2 | D        | Found a viscous altar of Jiyva.
     2 | D        | Found a corrupted altar of Lugonu.
     2 | D        | Found a hazy altar of Hepliaklqana.
     2 | D        | Found a burning altar of Makhleb.
     2 | D        | Found an opulent altar of Gozag.
    79 | D        | Became a worshipper of the Wu Jian Council
    79 | D        | Reached * piety under Wu Jian
    79 | D        | Reached ** piety under Wu Jian
   100 | D        | Reached XP level 2. HP: 22/22 MP: 2/2
   105 | D        | Entered arena 1.
   300 | D        | Entered arena 2.
   300 | D        | Noticed a black bear
   300 | D        | Noticed a spriggan
   300 | D        | Noticed a spriggan
   314 | D        | Killed a spriggan
   314 | D        | Reached skill level 3 in Unarmed Combat
   314 | D        | Reached XP level 3. HP: 27/30 MP: 3/3
   314 | D        | Reached XP level 4. HP: 32/36 MP: 4/4
   314 | D        | Reached XP level 5. HP: 37/41 MP: 5/5
   317 | D        | Killed a spriggan
   317 | D        | Reached *** piety under Wu Jian
   317 | D        | Reached skill level 5 in Unarmed Combat
   317 | D        | Reached XP level 6. HP: 42/49 MP: 6/6
   318 | D        | Killed a black bear
   333 | D        | Entered arena 3.
   333 | D        | Noticed a necrophage
   333 | D        | Noticed a necrophage
   336 | D        | Killed a necrophage
   336 | D        | Reached XP level 7. HP: 50/54 MP: 7/7
   341 | D        | Reached **** piety under Wu Jian
   341 | D        | Reached skill level 10 in Shields
   341 | D        | Reached skill level 6 in Unarmed Combat
   352 | D        | Entered arena 4.
   352 | D        | Noticed a spriggan
   357 | D        | Reached skill level 7 in Unarmed Combat
   357 | D        | Killed a spriggan
   357 | D        | Reached XP level 8. HP: 43/61 MP: 8/8
   357 | D        | Reached ***** piety under Wu Jian
   374 | D        | Identified the Catalogue of the Shifting Voyage (You found it in the Dungeon)
   379 | D        | Learned a level 2 spell: Blink
   383 | D        | Entered arena 5.
   383 | D        | Noticed a flying skull
   390 | D        | Killed a flying skull
   390 | D        | Reached skill level 8 in Unarmed Combat
   404 | D        | Entered arena 6.
   404 | D        | Noticed a naga mage
   413 | D        | Reached skill level 9 in Unarmed Combat
   420 | D        | Killed a naga mage
   420 | D        | Reached skill level 10 in Unarmed Combat
   420 | D        | Reached XP level 9. HP: 38/67 MP: 9/9
   431 | D        | Identified the Incunabulum of Shifting Poison (You found it in the Dungeon)
   558 | D        | Learned a level 2 spell: Passwall
   560 | D        | Learned a level 1 spell: Apportation
   560 | D        | Entered arena 7.
   560 | D        | Noticed a merfolk
   560 | D        | Noticed a merfolk
   564 | D        | Reached ****** piety under Wu Jian
   567 | D        | Reached skill level 10 in Dodging
   569 | D        | Killed a merfolk
   571 | D        | Killed a merfolk
   571 | D        | Reached skill level 11 in Unarmed Combat
   735 | D        | Entered arena 8.
   735 | D        | Noticed a spriggan rider
   735 | D        | Noticed a spriggan rider
   735 | D        | Noticed a spriggan druid
   742 | D        | Killed a spriggan druid
   742 | D        | Reached skill level 12 in Unarmed Combat
   742 | D        | Reached XP level 10. HP: 73/73 MP: 10/10
   749 | D        | Reached skill level 13 in Unarmed Combat
   792 | D        | Learned a level 2 spell: Swiftness
   797 | D        | Learned a level 1 spell: Freeze
   803 | D        | Entered arena 9.
   803 | D        | Noticed a smoke demon
   803 | D        | Noticed a tentacled starspawn
   809 | D        | Killed a tentacled starspawn
   809 | D        | Reached skill level 15 in Shields
   809 | D        | Reached skill level 14 in Unarmed Combat
   809 | D        | Killed a smoke demon
   813 | D        | Got the ring of the Original Sin {rF+ MP+9}
   832 | D        | Learned a level 1 spell: Animate Skeleton
   837 | D        | Entered arena 10.
   837 | D        | Noticed a shining eye
   843 | D        | Reached skill level 15 in Unarmed Combat
   843 | D        | Reached XP level 11. HP: 80/80 MP: 5/11
   844 | D        | Killed a shining eye
   844 | D        | Gained mutation: You are clumsy. (Dex -2) [a neqoxec]
   891 | D        | Entered arena 11.
   891 | D        | Noticed a cyclops
   891 | D        | Noticed a merfolk aquamancer
   892 | D        | Noticed a merfolk impaler
   892 | D        | Noticed a sea snake
   892 | D        | Noticed a merfolk aquamancer
   897 | D        | Killed a cyclops
   897 | D        | Killed a merfolk aquamancer
   897 | D        | Reached skill level 10 in Fighting
   897 | D        | Reached skill level 16 in Unarmed Combat
   903 | D        | Killed a merfolk aquamancer
   906 | D        | Killed a sea snake
   909 | D        | Killed a merfolk impaler
   909 | D        | Reached skill level 17 in Unarmed Combat
   954 | D        | Identified the Catalogue of Black Secrets (You found it in the Dungeon)
  1104 | D        | Entered arena 12.
  1104 | D        | Noticed a necromancer
  1104 | D        | Noticed a vampire mage
  1104 | D        | Noticed a necromancer
  1106 | D        | Noticed a vampire knight
  1119 | D        | Killed a necromancer
  1120 | D        | Killed a necromancer
  1132 | D        | Noticed a phantasmal warrior
  1132 | D        | Noticed a flayed ghost
  1164 | D        | Noticed a phantasmal warrior
  1168 | D        | Killed a vampire mage
  1171 | D        | Killed a vampire knight
  1171 | D        | Reached skill level 18 in Unarmed Combat
  1171 | D        | Reached XP level 12. HP: 70/90 MP: 12/12
  1337 | D        | Entered arena 13.
  1338 | D        | Noticed a soul eater
  1338 | D        | Noticed a soul eater
  1338 | D        | Noticed a ghoul
  1339 | D        | Noticed a shadow dragon
  1339 | D        | Noticed a shadow dragon
  1339 | D        | Noticed a soul eater
  1348 | D        | Killed a shadow dragon
  1352 | D        | Killed a soul eater
  1354 | D        | Killed a soul eater
  1354 | D        | Killed a ghoul
  1357 | D        | Killed a shadow dragon
  1357 | D        | Reached skill level 15 in Dodging
  1357 | D        | Killed a soul eater
  1373 | D        | Got the ring "Hatobb" {rPois rF+ Dex-4 Stlth+}
  1390 | D        | Got the amulet "Toecs" {+Rage rPois Int+3 SInv}
  1419 | D        | Entered arena 14.
  1420 | D        | Noticed a stone giant
  1420 | D        | Noticed a merfolk javelineer
  1421 | D        | Noticed a yaktaur captain
  1421 | D        | Noticed a centaur warrior
  1421 | D        | Noticed a centaur warrior
  1426 | D        | Killed a yaktaur captain
  1427 | D        | Killed a centaur warrior
  1430 | D        | Killed a merfolk javelineer
  1431 | D        | Reached XP level 13. HP: 84/102 MP: 13/13
  1431 | D        | Killed a stone giant
  1431 | D        | Reached skill level 15 in Fighting
  1456 | D        | Identified Emekhleg's Incunabulum of Transmigration (You found it in the Dungeon)
  1459 | D        | Learned a level 1 spell: Beastly Appendage
  1499 | D        | Entered arena 15.
  1500 | D        | Noticed a fire giant
  1500 | D        | Noticed a stone giant
  1501 | D        | Noticed a fire giant
  1501 | D        | Noticed a fire giant
  1501 | D        | Noticed a stone giant
  1506 | D        | Killed a fire giant
  1508 | D        | Killed a stone giant
  1510 | D        | Reached skill level 19 in Unarmed Combat
  1511 | D        | Killed a stone giant
  1512 | D        | Killed a fire giant
  1514 | D        | Killed a fire giant
  1515 | D        | Reached skill level 20 in Unarmed Combat
  1686 | D        | Identified the Guide on Companions and Curses (You found it in the Dungeon)
  1690 | D        | Learned a level 2 spell: Slow
  1704 | D        | Entered arena 16.
  1707 | D        | Noticed a red draconian
  1707 | D        | Noticed a red draconian
  1707 | D        | Noticed a white draconian
  1707 | D        | Noticed a white draconian annihilator
  1707 | D        | Noticed a red draconian
  1707 | D        | Noticed a white draconian
  1708 | D        | Noticed a white draconian
  1708 | D        | Noticed a red draconian
  1708 | D        | Noticed a yellow draconian
  1708 | D        | Noticed a white draconian
  1708 | D        | Noticed a white draconian
  1708 | D        | Noticed a white draconian
  1708 | D        | Noticed a yellow draconian
  1708 | D        | Noticed a yellow draconian
  1713 | D        | Killed a red draconian
  1713 | D        | Killed a red draconian
  1713 | D        | Killed from afar by a white draconian

Vault maps used:
D:        sprint_v

Skill      XL: |  1  2  3  4  5  6  7  8  9 10 11 12 13 |
---------------+----------------------------------------+-----
Shields        | 7 8 9 10 12 14 15 | 15.5
Fighting       | 6 7 8 9 11 14 16 | 16.1
Dodging        | 6 7 8 9 10 11 13 16 18 | 18.3
Unarmed Combat | 3 5 7 10 12 15 18 20 | 20.4
Stealth        | |  5.3

Action                   |  1- 3 |  4- 6 |  7- 9 | 10-12 | 13-15 || total
-------------------------+-------+-------+-------+-------+-------++-------
Melee: Unarmed           |    17 |     7 |    89 |   183 |    43 ||   339
       Constrict         |     4 |     4 |    21 |    35 |     1 ||    65
       Tentacles         |     4 |       |    25 |    52 |     9 ||    90
       Punch             |       |     1 |     9 |    37 |     7 ||    54
Invok: Serpent's Lash    |       |       |     3 |     5 |     2 ||    10
       Heavenly Storm    |       |       |       |     4 |     2 ||     6
Evoke: Box of beasts     |       |       |       |     3 |       ||     3
       Wand              |       |       |       |     2 |       ||     2
       Phial of floods   |       |       |       |     2 |       ||     2
       Fan of gales      |       |       |       |     1 |       ||     1
       Sack of spiders   |       |       |       |     1 |       ||     1
  Use: Potion            |     4 |     1 |     4 |    11 |     4 ||    24
       Scroll            |       |       |       |     4 |       ||     4
 Stab: Sleeping          |     2 |     1 |       |       |       ||     3
       Invisible         |       |       |     5 |       |       ||     5
       Distracted        |       |       |     1 |     1 |       ||     2
  Eat: Chunk             |       |       |       |     2 |     1 ||     3
Armor: Skin              |       |       |       |     4 |       ||     4
Dodge: Dodged            |     4 |     1 |    13 |    53 |     8 ||    79
Block: Shield            |    24 |     6 |    67 |   138 |    13 ||   248
       Reflection        |       |       |     1 |     6 |       ||     7
